 Dungeon Crawl Stone Soup version 0.20.1-1-g8b1a95d66d (webtiles) character file.

191 MondaySad the Cleaver (level 5, -1/45 HPs)
             Began as a Hill Orc Monk on Dec 5, 2017.
             Slain by a worm (8 damage)
             ... on level 4 of the Dungeon.
             The game lasted 00:03:36 (2499 turns).

MondaySad the Cleaver (Hill Orc Monk)               Turns: 2499, Time: 00:03:37

Health: -1/45      AC:  4    Str: 15    XL:     5   Next: 70%
Magic:  5/5        EV: 10    Int: 10    God:
Gold:   226        SH:  7    Dex: 13    Spells: 4/4 levels left

rFire    . . .     SeeInvis .   a - +0 hand axe
rCold    . . .     Gourm    .   u - +0 shield
rNeg     . . .     Faith    .   (no armour)
rPois    .         Spirit   .   (no helmet)
rElec    .         Reflect  .   (no cloak)
rCorr    .         Harm     .   h - +0 pair of gloves
MR       .....                  v - +2 pair of boots
Stlth    ++........             (no amulet)
Regen    0.2/turn               (no ring)
MPRegen  0.1/turn               (no ring)

@: no status effects
A: no striking features
a: no special abilities


You were on level 4 of the Dungeon.
You were not hungry.

You visited 1 branch of the dungeon, and saw 4 of its levels.

You collected 226 gold pieces.

Inventory:

Hand Weapons
 a - a +0 hand axe (weapon)
Armour
 h - a +0 pair of gloves (worn)
 u - a +0 shield (worn)
 v - a +2 pair of boots (worn)
Jewellery
 k - an uncursed ring of teleportation
Scrolls
 f - 3 scrolls of remove curse
 i - a scroll of enchant weapon {unknown}
 j - 6 scrolls of identify {unknown}
 l - a scroll of magic mapping {unknown}
 m - 2 scrolls of immolation {unknown}
 w - a scroll of fog {unknown}
Potions
 e - 2 potions of curing {unknown}
 n - 4 potions of mutation {unknown}
 p - a potion of invisibility {unknown}
 q - a potion of brilliance {unknown}
 t - a potion of lignification {unknown}
 x - a potion of flight {unknown}
Books
 o - a book of Necromancy

   Spells                             Type                      Level
   a - Pain                           Necromancy                   1
   b - Animate Skeleton               Necromancy                   1
   c - Vampiric Draining              Necromancy                   3
   d - Regeneration                   Charms/Necromancy            3
   e - Animate Dead                   Necromancy                   4
   f - Control Undead                 Necromancy                   4
Comestibles
 b - 3 fruits
 c - 2 bread rations
 d - 2 royal jellies
 r - a meat ration
 s - 3 chunks of flesh


   Skills:
 - Level 3.6 Fighting
 + Level 8.0 Axes
 - Level 2.4 Dodging
 - Level 1.5 Stealth
 + Level 1.0 Shields


You had 4 spell levels left.
You didn't know any spells.

Dungeon Overview and Level Annotations

Branches:
Dungeon (4/15)
 Temple: D:4-7

Altars:

Annotations:
D:4 endorz's ghost, amateur NaFi


Message History

The worm is severely wounded.
You hit the worm.
The worm is severely wounded.
The worm bites you!
* * * LOW HITPOINT WARNING * * *
You barely miss the worm.
The worm is severely wounded.
The worm bites you but does no damage.
Your shield prevents you from hitting the worm.
The worm is severely wounded.
You completely miss the worm.
The worm is severely wounded.
The worm bites you.
* * * LOW HITPOINT WARNING * * *
You hit the worm but do no damage.
The worm is heavily wounded.
You hit the worm.
The worm is almost dead.
The worm bites you!
You die...

#.# #.#.### #. #.# #......
#. #.# #.#.### #. #.#
#.#.# # #. #.# #.#.# #
######. #.###.#.###
.......## #.....#....
........########.....#..##
.......sw@.....'..........
........########...[.#..##
........# #.....#..##
.......## #.....#..##
....... ####.......
....#+# #....... ....
#.<..... #.. ##.#..##
#.#..#


You could see a worm and a giant cockroach.

Vanquished Creatures
  Jessica (D:3)
  Terence (D:2)
  5 adders
  A gnoll (D:1)
  3 worms
  2 dart slugs
  2 orcs
  5 giant cockroaches
  7 goblins
  6 hobgoblins
  6 jackals
  12 kobolds
  A quokka (D:3)
  9 bats
  3 frilled lizards
  9 rats
73 creatures vanquished.

Notes
Turn   | Place    | Note
-------+----------+-------------------------------------------
     0 | D:1      | MondaySad the Hill Orc Monk began the quest for the Orb.
     0 | D:1      | Reached XP level 1. HP: 19/19 MP: 1/1
    55 | D:1      | Reached XP level 2. HP: 19/26 MP: 2/2
   227 | D:1      | Reached skill level 5 in Axes
   316 | D:1      | Reached XP level 3. HP: 28/31 MP: 3/3
   748 | D:2      | Reached skill level 6 in Axes
   854 | D:2      | Reached XP level 4. HP: 39/39 MP: 4/4
   980 | D:2      | Noticed Terence
   993 | D:2      | Killed Terence
  1261 | D:2      | Reached skill level 7 in Axes
  1625 | D:2      | Reached XP level 5. HP: 40/45 MP: 5/5
  1971 | D:3      | Noticed Jessica
  1975 | D:3      | Killed Jessica
  2290 | D:4      | Noticed endorz's ghost (amateur NaFi)
  2472 | D:4      | Reached skill level 8 in Axes
  2472 | D:4      | Reached skill level 1 in Shields
  2499 | D:4      | Slain by a worm

Skill      XL: |  1  2  3  4  5 |
---------------+----------------+-----
Axes           | 5 6 7 8 |  8.0
Shields        | 1 |  1.0
Fighting       | |  3.6
Dodging        | |  2.4
Stealth        | |  1.5

Action                   |  1- 3 |  4- 6 || total
-------------------------+-------+-------++-------
Melee: Hand axe          |   100 |   176 ||   276
  Use: Scroll            |       |     1 ||     1
  Eat: Chunk             |       |     5 ||     5
Armor: Robe              |     6 |       ||     6
       Ring mail         |    17 |    38 ||    55
       Skin              |       |     6 ||     6
Dodge: Dodged            |    69 |    79 ||   148
Block: Shield            |       |    19 ||    19
